 Dungeon Crawl Stone Soup version 0.27.0-1-g7a089689b8 (webtiles) character file.

Game seed: 17950756252241348065

555 Sobieck the Cudgeller (level 7, -15/66 HPs)
             Began as an Ogre Warper on Aug 9, 2021.
             Was an Initiate of Cheibriados.
             Killed from afar by an acid dragon (17 damage)
             ... with a splash of acid
             ... on level 5 of the Dungeon.
             The game lasted 00:09:44 (7280 turns).

Sobieck the Cudgeller (Ogre Warper)                 Turns: 7280, Time: 00:09:45

Health: -15/66     AC: -1    Str: 18    XL:     7   Next: 30%
Magic:  10/10      EV: 10    Int: 22    God:    Cheibriados [......]
Gold:   190        SH:  0    Dex:  9    Spells: 8/10 levels left

rFire    . . .     SeeInvis .   a - +0 flail {mace}
rCold    . . .     Faith    .   (no shield)
rNeg     . . .     Spirit   .   k - +0 robe
rPois    .         Reflect  .   (helmet restricted)
rElec    .         Harm     .   (no cloak)
rCorr    .         Rampage  .   (gloves unavailable)
Will     .....                  (boots unavailable)
Stlth    +.........             (no amulet)
HPRegen  0.21/turn              l - +6 ring of intelligence
MPRegen  0.12/turn              (no ring)

@: corroded, very slow
A: large, unfitting armour, tough skin 1
a: Renounce Religion, Bend Time


You were on level 5 of the Dungeon.
You worshipped Cheibriados.
Cheibriados was noncommittal.
You visited 2 branches of the dungeon, and saw 6 of its levels.

You collected 190 gold pieces.


Innate Abilities, Weirdness & Mutations

You are too large for most types of armour.
You have tough skin. (AC +1)


   Skills:
 - Level 2.6 Fighting
 + Level 7.1 Maces & Flails
 - Level 1.0 Throwing
 - Level 2.1 Dodging
 - Level 2.4 Spellcasting
 - Level 2.6 Translocations


You had 8 spell levels left.
You knew the following spells:

 Your Spells              Type           Power      Damage    Failure   Level
a - Blink                 Tloc           N/A        N/A       7%          2

Your spell library contained the following spells:

 Spells                   Type           Power      Damage    Failure   Level
 Foxfire                  Conj/Fire      8%         2x1d4     13%         1
 Magic Dart               Conj           8%         1d3       13%         1
 Gell's Gravitas          Tloc           7%         N/A       13%         3
 Lesser Beckoning         Tloc           7%         N/A       13%         3
 Teleport Other           Tloc           14%        N/A       13%         3
 Call Imp                 Summ           2%         N/A       21%         2
 Conjure Flame            Conj/Fire      2%         6-21      36%         3
 Inner Flame              Hex/Fire       2%         N/A       36%         3
 Mephitic Cloud           Conj/Pois/Air  2%         N/A       36%         3
 Summon Guardian Golem    Hex/Summ       2%         N/A       36%         3
 Manifold Assault         Tloc           14%        N/A       77%         5
 Orb of Destruction       Conj           1%         N/A       100%        7
 Spellforged Servitor     Conj/Summ      1%         N/A       100%        7

Inventory:

Hand Weapons
 a - a +0 flail (weapon) {mace}
   (You found it on level 3 of the Dungeon)
 b - a +0 hunting sling {sling}
   (You found it on level 2 of the Dungeon)
 g - a +3 dagger {short}
   (You took it off a goblin on level 1 of the Dungeon)
 p - a +0 mace {mace}
 x - a +3 war axe of flaming {axe}
   (You found it on level 4 of the Dungeon)
Missiles
 d - 5 boomerangs of dispersal (quivered) {=f!fthrowing}
 h - 62 arrows
 j - 101 stones {throwing}
 n - 5 javelins {throwing}
 o - 18 sling bullets
 t - 16 poisoned darts {throwing}
 u - 15 bolts
Armour
 k - a +0 robe (worn)
Jewellery
 l - a +6 ring of intelligence (left hand)
   (You found it on level 2 of the Dungeon)
Scrolls
 c - a scroll of blinking {!r}
 f - a scroll of teleportation {@r4}
 i - a scroll of magic mapping {!r}
 m - a scroll of noise {unknown}
 s - a scroll of fog {unknown}
 w - a scroll of amnesia {unknown}
Potions
 q - a potion of lignification {unknown}
 r - a potion of magic {unknown}
 v - a potion of might {unknown}

Dungeon Overview and Level Annotations

Branches:
Dungeon (5/15)             Temple (1/1) D:5

Altars:
Cheibriados
Dithmenos
Elyvilon
Fedhas
Gozag
Hepliaklqana
Kikubaaqudgha
Makhleb
Sif Muna
Trog
Uskayaw
Vehumet
Wu Jian
Xom
Yredelemnul
Zin
The Shining One

Shops:
D:4

( ,,,,,,* *,,...,,,...#
,,,,,,* *,###.####..#
,,,,,,****,#......#..#
,,,,,,,,,,,,......>..#
,,,,,,****,*,#.##.#..#######**
,,,,,,,,,,,*,#......<.......,*
,,,,,,,,,,,**#..#.##.#######,*
***,,,,,,,,* #..#.........#*,*
*,,,,,,,,,* #..@###.####.#*,*
*,,,,,,,,,**##5.D.#.#..,,,,,*
*,,,,,,,,,,,....#.#.#.#*,#***
*,,,,,,,,,*######.#.#.##.#
*,,,,,,,,,**,,,,,,#.#....#
*,,,,,,,,,,,,,,***#...#***
**,,,,,,,,,,,,,,* ###.#
,,,,,,*,*,,,,,,,* #.##
,,,****,*,,,,,,,* ####..#


You could see an acid dragon (catching breath) and an ufetubus.


Message History

Found an ornate altar of the Wu Jian Council.
Found an ancient bone altar of Kikubaaqudgha and a radiant altar of Vehumet.
Found a glowing silver altar of Zin.
Found a hide-covered altar of Uskayaw.
Found a glowing golden altar of the Shining One.
Found an opulent altar of Gozag.
Found a burning altar of Makhleb and a snail-covered altar of Cheibriados.
There is a snail-covered altar of Cheibriados here.
You kneel at the altar of Cheibriados.
Cheibriados welcomes you!
Cheibriados begins to support your attributes as your movement slows.
You can now bend time to slow others.
(D) Dungeon (T) Temple
Where to? (Enter - D:4 @ (x,y), ? - help)
There is a staircase back to the Dungeon here.
You climb upwards.
Welcome back to the Dungeon!
There is a staircase to the Ecumenical Temple here.
Unknown command.
Casting: Blink (safe; 7% risk of failure)
Confirm with . or Enter, or press ? or * to list all spells.
Okay, then.
Okay, then.
Unknown command.
There is a fountain of clear blue water here.
Found a stone staircase leading up.
A scorpion comes into view.
Found a stone staircase leading down.
Danger!
You hit the scorpion. The scorpion stings you.
You barely miss the scorpion.
The scorpion stings you but does no damage.
Unknown command.
You sock the scorpion! The scorpion closely misses you.
You sock the scorpion! The scorpion closely misses you.
The scorpion stings you.
You closely miss the scorpion. The scorpion stings you!
You sock the scorpion!
You kill the scorpion!
Cheibriados appreciates the change of pace.
Your Maces & Flails skill increases to level 7!
You start resting.
There is a stone staircase leading up here.
Unknown command.
Unknown command.
b - a +0 hunting sling (weapon)
{sling} An acid dragon comes into view.
Danger!
a - a +0 flail (weapon)
{mace} The acid dragon roars!
The acid dragon closely misses you.
The acid dragon claws you but does no damage.
You hit the acid dragon but do no damage.
The acid dragon spits acid at you. The splash of acid hits you.
The acid corrodes you!
You are splashed with acid!
You hit the acid dragon. The acid dragon bites you!
The acid dragon barely misses you.
Unknown command.
You hit the acid dragon. The acid dragon bites you.
The acid dragon barely misses you.
You sock the acid dragon! The acid dragon barely misses you.
The acid dragon claws you.
* * * LOW HITPOINT WARNING * * *
Unknown command.
You hit the acid dragon but do no damage.
The acid dragon spits acid at you. The splash of acid hits you!
* * * LOW HITPOINT WARNING * * *
You are splashed with acid!
* * * LOW HITPOINT WARNING * * *
You hear an angry hiss.
Unknown command.
You fail to use your ability.
The acid dragon bites you.
* * * LOW HITPOINT WARNING * * *
The acid dragon closely misses you.
An ufetubus comes into view.
You feel better. The acid dragon bites you.
* * * LOW HITPOINT WARNING * * *
The acid dragon closely misses you.
You feel better. The acid dragon bites you.
* * * LOW HITPOINT WARNING * * *
The acid dragon claws you.
* * * LOW HITPOINT WARNING * * *
The ufetubus closely misses you. The ufetubus misses you.
Unknown command.
You hit the acid dragon. The acid dragon bites you.
* * * LOW HITPOINT WARNING * * *
The acid dragon claws you.
* * * LOW HITPOINT WARNING * * *
The ufetubus hits you.
* * * LOW HITPOINT WARNING * * *
The ufetubus barely misses you.
Unknown command.
You sock the acid dragon! The ufetubus hits you.
* * * LOW HITPOINT WARNING * * *
The ufetubus hits you.
* * * LOW HITPOINT WARNING * * *
The acid dragon spits acid at you. The splash of acid hits you!
You die...

Skill      XL: |  1  2  3  4  5  6  7 |
---------------+----------------------+-----
Maces & Flails | 2 3 4 5 6 7 |  7.1
Fighting       | |  2.6
Throwing       | |  1.0
Dodging        | |  2.1
Spellcasting   | |  2.4
Translocations | |  2.6

Action                   |  1- 3 |  4- 6 |  7- 9 || total
-------------------------+-------+-------+-------++-------
Melee: Mace              |   161 |    58 |       ||   219
       Flail             |       |   104 |    25 ||   129
       War axe           |       |       |    11 ||    11
 Fire: Hunting sling     |     3 |   120 |     4 ||   127
  Use: Potion            |       |     1 |     2 ||     3
       Scroll            |       |       |     2 ||     2
Armor: Robe              |    64 |    33 |     7 ||   104
Dodge: Dodged            |    87 |    60 |    21 ||   168

Levels and vault maps discovered:
D:1:      shiori_arrival_oz, layout_basic, chequers_garden, st_stairs_11
D:2:      kennysheep_six_static_rooms, layout_basic,
          hellmonk_ecumenical_altar_arch_garden, basic_altar
D:3:      layout_basic, cheibrodos_sewer_entry_bend
D:4:      layout_loops_cross, serial_shops, shop
D:5:      layout_basic, temple_fountains, st_stairs_3, uniq_blork_the_orc,
          uniq_edmund
Temple:   compressed_dpeg_triangle_lava_temple

Notes
Turn   | Place    | Note
-------+----------+-------------------------------------------
     0 | D:1      | Sobieck the Ogre Warper began the quest for the Orb.
     0 | D:1      | Reached XP level 1. HP: 22/22 MP: 3/3
    32 | D:1      | Reached skill level 2 in Maces & Flails
   228 | D:1      | You pick up a book of Dangerous Friends and begin
                  | reading...
   228 | D:1      | You add the spells Summon Guardian Golem, Orb of
                  | Destruction and Spellforged Servitor to your library.
   256 | D:1      | Reached XP level 2. HP: 28/29 MP: 5/5
   518 | D:1      | HP: 5/29 [jackal (3)]
   521 | D:1      | Reached skill level 3 in Maces & Flails
   934 | D:1      | Reached XP level 3. HP: 28/36 MP: 6/6
  1089 | D:1      | Learned a level 2 spell: Blink
  2392 | D:2      | Reached XP level 4. HP: 24/44 MP: 7/7
  2623 | D:2      | Found a hide-covered altar of Uskayaw.
  2655 | D:2      | Found a faded altar of an unknown god.
  2739 | D:2      | Reached skill level 4 in Maces & Flails
  2840 | D:2      | HP: 11/44 [poisoned by an adder]
  2846 | D:2      | You pick up a book of Minor Magic and begin reading...
  2846 | D:2      | You add the spells Magic Dart, Call Imp and Mephitic Cloud
                  | to your library.
  3320 | D:2      | You pick up a book of Flames and begin reading...
  3320 | D:2      | You add the spells Foxfire, Conjure Flame and Inner Flame
                  | to your library.
  4385 | D:3      | Reached XP level 5. HP: 50/50 MP: 8/8
  4945 | D:3      | Noticed an ice beast
  4953 | D:3      | Killed an ice beast
  4954 | D:3      | Reached skill level 5 in Maces & Flails
  4954 | D:3      | Reached XP level 6. HP: 34/59 MP: 9/9
  5958 | D:4      | Reached skill level 6 in Maces & Flails
  6496 | D:4      | Reached XP level 7. HP: 38/66 MP: 10/10
  6738 | D:4      | Found Vulighedd's Antique Weapon Shoppe.
  6904 | D:5      | Entered Level 5 of the Dungeon
  7136 | D:5      | Found a staircase to the Ecumenical Temple.
  7144 | Temple   | Entered the Ecumenical Temple
  7184 | Temple   | Became a worshipper of Cheibriados the Contemplative
  7215 | D:5      | Reached skill level 7 in Maces & Flails
  7275 | D:5      | HP: 7/66 [acid (17)]
  7280 | D:5      | HP: 3/66 [ufetubus (3)]
  7280 | D:5      | Killed from afar by an acid dragon

Vanquished Creatures
  An ice beast (D:3)
  2 scorpions
  2 jellies (D:4)
  A bullfrog skeleton (D:4)
  An orc wizard (D:4)
  3 gnolls
  7 adders
  6 worms
  5 dart slugs
  5 orcs
  8 bats
  3 endoplasms
  3 giant cockroaches
  9 goblins
  8 hobgoblins
  16 jackals
  7 quokkas
  7 ball pythons
  5 frilled lizards
  8 kobolds
  6 rats
113 creatures vanquished.

Table legend:
 A = Non-vault XP
 B = Vault XP
 C = Vault XP percentage of total XP
 D = Non-vault monster count
 E = Vault monster count
 F = Vault count percentage of total count
                 A         B        C        D         E       F
            +---------+---------+-------+---------+---------+-------
      Total |     736 |      58 |   7.3 |     100 |      13 |  11.5
            +---------+---------+-------+---------+---------+-------
        D:1 |      63 |       7 |  10.0 |      35 |       4 |  10.3
        D:2 |      35 |      36 |  50.7 |      11 |       6 |  35.3
        D:3 |     220 |      15 |   6.4 |      27 |       3 |  10.0
        D:4 |     301 |       0 |   0.0 |      24 |       0 |   0.0
        D:5 |     117 |       0 |   0.0 |       3 |       0 |   0.0
            +---------+---------+-------+---------+---------+-------

Illustrated notes

Table legend:
 A = Kills in this place as a percentage of kills in entire the game.
 B = Kills by you in this place as a percentage of kills by you in the entire game.
 C = Kills by friends in this place as a percentage of kills by friends in the entire game.
 D = Other kills in this place as a percentage of other kills in the entire game.
 E = Experience gained in this place as a percentage of experience gained in the entire game.
 F = Experience gained in this place divided by the number of levels of this place that you have seen.
                   A       B       C       D       E      F
               +-------+-------+-------+-------+-------+----------------------
         Total | 100.0 | 100.0 |   N/A |   N/A | 100.0 | 132.3
       Dungeon | 100.0 | 100.0 |   N/A |   N/A | 100.0 | 158.8
               +-------+-------+-------+-------+-------+----------------------

Table legend: (Time is in decaauts)
 A = Elapsed time spent in this place.
 B = Non-inter-level travel time spent in this place.
 C = Inter-level travel time spent in this place.
 D = Time resting spent in this place.
 E = Time spent auto-exploring this place.
 F = Levels seen in this place.
 G = Mean time per level.
                   A        B        C        D        E       F      G
               +--------+--------+--------+--------+--------+-----+--------+
         Total |   7354 |   7130 |    224 |   1692 |   4406 |   6 | 1225.7 |
       Dungeon |   7301 |   7089 |    212 |   1692 |   4406 |   5 | 1460.2 |
        Temple |     53 |     41 |     12 |      0 |      0 |   1 |   53.0 |
               +--------+--------+--------+--------+--------+-----+--------+

Top non-repeatable levels by time:
     D:1: 2157 daAuts
     D:2: 1942 daAuts
     D:3: 1684 daAuts
     D:4: 1373 daAuts
     D:5: 143 daAuts
  Temple: 53 daAuts
